 Dungeon Crawl Stone Soup version 0.28.0-49-g6dfe1f597d (webtiles) character file.

Game seed: 9700895055091813406

639 H0rd4k the Charlatan (level 7, -1/51 HPs)
             Began as a Human Artificer on May 11, 2022.
             Was an Initiate of Gozag.
             Slain by an orc
             ... wielding a +0 mace
              (2 damage)
             ... on level 5 of the Dungeon.
             The game lasted 00:06:10 (5750 turns).

H0rd4k the Charlatan (Human Artificer)              Turns: 5750, Time: 00:06:11

Health: -1/51      AC:  3    Str: 17 (18) XL:     7   Next: 80%
Magic:  16/16      EV: 12    Int: 13 (14) God:    Gozag
Gold:   154        SH:  0    Dex: 11 (13) Spells: 6/6 levels left

rFire   . . .      SeeInvis .   m - +3 dagger
rCold   . . .      Faith    .   (no shield)
rNeg    . . .      Spirit   .   b - +0 leather armour
rPois   .          Reflect  .   (no helmet)
rElec   .          Harm     .   (no cloak)
rCorr   .          Rampage  .   (no gloves)
Will    .....                   (no boots)
Stlth   ++........              (no amulet)
HPRegen 0.17/turn               g - +6 ring of strength
MPRegen 0.15/turn               l - ring of magical power

@: gold aura, hasted, very quick
A: no striking features
a: Renounce Religion, Potion Petition, Call Merchant, Bribe Branch


You were on level 5 of the Dungeon.
You worshipped Gozag.
Gozag was aware of your devotion.
You visited 2 branches of the dungeon, and saw 6 of its levels.

You collected 233 gold pieces.
You paid 79 gold pieces to Gozag.

Inventory:

Hand Weapons
 m - a +3 dagger (weapon)
 p - a +0 dagger of draining
Armour
 b - a +0 leather armour (worn)
Jewellery
 f - a ring of willpower
 g - a +6 ring of strength (left hand)
 l - a ring of magical power (right hand)
Wands
 c - a wand of flame (15) (quivered)
 d - a wand of charming (2)
 w - a wand of iceblast (5)
Scrolls
 a - 2 scrolls of identify {unknown}
 h - a scroll of vulnerability {unknown}
 i - a scroll of immolation {unknown}
 n - a scroll of fog {unknown}
 o - 2 scrolls of enchant weapon {unknown}
 r - a scroll of silence {unknown}
 s - a scroll of magic mapping {unknown}
 x - a scroll of fear {unknown}
Potions
 j - a potion of might {unknown}
 k - 2 potions of haste
 q - a potion of degeneration
 t - a potion of cancellation {unknown}
 u - a potion of brilliance {unknown}
 v - a potion of resistance {unknown}
Miscellaneous
 e - a piece from Xom's chessboard (15/15)


   Skills:
 + Level 2.6 Fighting
 + Level 3.5 Short Blades
 + Level 1.4 Maces & Flails
 + Level 3.8 Armour
 + Level 3.4 Dodging
 + Level 2.0 Stealth
 + Level 4.3 Evocations


You had 6 spell levels left.
You didn't know any spells.
Your spell library contained the following spells:

 Spells                   Type           Power      Damage    Failure   Level
 Magic Dart               Conj           0%         1d3       36%         1
 Call Imp                 Summ           0%         N/A       50%         2
 Mephitic Cloud           Conj/Pois/Air  0%         N/A       73%         3


Dungeon Overview and Level Annotations

Branches:
Dungeon (5/15)             Temple (1/1) D:5

Altars:
Cheibriados
Dithmenos
Elyvilon
Fedhas
Gozag
Kikubaaqudgha
Makhleb
Nemelex Xobeh
Okawaru
Qazlal
Ru
Sif Muna
Trog
Vehumet
Wu Jian
Xom
Yredelemnul
Zin
The Shining One

Annotations:
D:1 exclusion: downstairs
D:3 exclusion: downstairs


Message History

The orc priest is lightly wounded.
The orc priest mumbles some strange prayers to Beogh against you.
Beogh smites you!
You closely miss the orc priest.
The orc priest is lightly wounded.
An orc comes into view. It is wielding a +0 war axe.
You puncture the orc priest!
The orc priest is severely wounded.
The orc priest hits you with a +0 short sword!
You hit the orc priest.
The orc priest is almost dead.
The orc priest invokes the aid of Beogh against you.
You struggle to resist.
You hit the orc priest.
You kill the orc priest!
An orc priest comes into view. It is wielding a +0 trident.
Your Stealth skill increases to level 2!
The orc priest shouts!
You hit the orc.
The orc is heavily wounded.
The orc priest invokes the aid of Beogh against you.
Beogh smites you!
* * * LOW HITPOINT WARNING * * *
You hit the orc.
The orc is severely wounded.
The orc is distracted by your dazzling golden aura.
You closely miss the orc.
The orc is no longer distracted by gold.
The orc shouts!
The orc is severely wounded.
The orc hits you with a +0 mace.
* * * LOW HITPOINT WARNING * * *
It was a potion of haste.
You feel yourself speed up. The orc closely misses you.
It was a potion of degeneration.
There was something very wrong with that liquid.
You feel weakened.
You feel dopey.
You feel clumsy. The orc hits you with a +0 mace.
You die...
Your body crumbles into a pile of gold.

#.. #.. #.. #.# #o#
#o# #o# #@# ##.#
##..## ##########
##..#.######........#
#.......#..#...##..##
###......^.#.........
##...........##....
#.......#....#....
###...............


You could see an orc priest and 2 orcs.

Vanquished Creatures
  A scorpion (D:4)
  A jelly (D:4)
  A hound (D:4)
  An orc priest (D:5)
  Jessica (D:3)
  Ijyb (D:2)
  Natasha (thrice) (D:4)
  A hound skeleton (D:4)
  2 adders
  A worm (D:3)
  2 dart slugs
  5 orcs (D:4)
  11 ball pythons
  3 bats
  2 endoplasms (D:2)
  6 giant cockroaches
  22 goblins
  5 hobgoblins
  5 jackals
  3 quokkas (D:2)
  2 frilled lizards
  6 kobolds
  5 rats
90 creatures vanquished.

Vanquished Creatures (collateral kills)
  A water moccasin (D:5)
  A black bear (D:5)
  A centaur skeleton (D:5)
  Robin (D:3)
  An adder (D:2)
  4 goblins
9 creatures vanquished.

Vanquished Creatures (others)
  A centaur (D:5)
  An iguana (D:4)
  An orc wizard (D:4)
  3 goblins (D:3)
  12 plants (D:3)
18 creatures vanquished.

Grand Total: 117 creatures vanquished

Notes
Turn   | Place    | Note
-------+----------+-------------------------------------------
     0 | D:1      | H0rd4k the Human Artificer began the quest for the Orb.
     0 | D:1      | Reached XP level 1. HP: 15/15 MP: 1/1
   157 | D:1      | Reached XP level 2. HP: 21/21 MP: 2/2
   825 | D:1      | Found a faded altar of an unknown god.
   952 | D:2      | Reached XP level 3. HP: 26/26 MP: 3/3
  1237 | D:2      | Noticed Ijyb
  1732 | D:3      | Reached skill level 1 in Maces & Flails
  1733 | D:3      | Reached XP level 4. HP: 27/32 MP: 4/4
  1929 | D:3      | Noticed Robin
  1944 | D:3      | Killed Robin
  2863 | D:2      | Reached XP level 5. HP: 23/37 MP: 5/5
  2872 | D:2      | Killed Ijyb
  3436 | D:3      | Noticed Jessica
  3462 | D:3      | Killed Jessica
  3463 | D:3      | Reached skill level 1 in Short Blades
  4168 | D:4      | Noticed Natasha
  4178 | D:4      | Killed Natasha
  4179 | D:4      | Reached XP level 6. HP: 30/44 MP: 6/6
  4288 | D:4      | Noticed Natasha
  4695 | D:4      | Killed Natasha
  4706 | D:4      | Reached skill level 4 in Evocations
  4808 | D:4      | Noticed Natasha
  4825 | D:4      | Killed Natasha
  5156 | D:4      | Reached XP level 7. HP: 44/50 MP: 7/7
  5410 | D:5      | Entered Level 5 of the Dungeon
  5439 | D:5      | Found a staircase to the Ecumenical Temple.
  5464 | Temple   | Entered the Ecumenical Temple
  5666 | Temple   | Became a worshipper of Gozag Ym Sagoz the Greedy
  5699 | D:5      | Noticed a water moccasin
  5719 | D:5      | Killed a water moccasin
  5748 | D:5      | HP: 1/51 [orc/+0 mace (4)]
  5750 | D:5      | Slain by an orc

Illustrated notes

Levels and vault maps discovered:
D:1:      moated_graveyard_arrival, layout_loops_ring,
          shapermc_ecumenical_altar_mp_vishouse
D:2:      kennysheep_the_goblin_king, layout_rooms, minmay_indecisive_spiral
D:3:      layout_rooms, chequers_big_river, chequers_serial_rivers_room_b,
          uniq_robin, uniq_jessica, uniq_ijyb
D:4:      layout_rooms, uniq_natasha
D:5:      wander_river, layout_cave_pools, minmay_temple_entry_butterflies,
          chequers_ossuary_entry_cave
Temple:   mainiacjoe_temple_circle_huts

Skill      XL: |  1  2  3  4  5  6  7 |
---------------+----------------------+-----
Maces & Flails | 1 |  1.4
Dodging        | 2 3 |  3.4
Armour         | 3 |  3.8
Short Blades   | 1 2 3 |  3.5
Fighting       | 2 |  2.6
Evocations     | 4 |  4.3
Stealth        | 2 |  2.0

Action                   |  1- 3 |  4- 6 |  7- 9 || total
-------------------------+-------+-------+-------++-------
Melee: Club              |    78 |       |       ||    78
       Dagger            |    18 |   193 |    25 ||   236
       Punch             |     2 |     2 |       ||     4
Evoke: Wand              |     2 |    21 |     5 ||    28
  Use: Potion            |       |       |     2 ||     2
Armor: Leather armour    |    34 |    40 |     2 ||    76
Dodge: Dodged            |    57 |   127 |    19 ||   203
